| TOP OF THE 1ST |
|
Louisiana State University Tigers batting - Pitching for Mississippi State University Bulldogs : RHP Fernando Montoya
|
|
Pitching: RHP Fernando Montoya
|
|
|
Batting: LHB Alex Morales
|
0-0: Called Strike 0-1: Ground out 4-3 (Groundball, 34, EV 80.6 MPH)
|
|
Batting: RHB Pete Roberts
|
0-0: Foul Ball, location: 2F 0-1: Foul Ball, location: 2F 0-2: Foul Ball, location: 2F 0-2: Ball 1-2: Strikes out swinging
|
|
Batting: RHB Keith Ashton
|
0-0: Ball 1-0: SINGLE (Groundball, 6MD, EV 105.6 MPH)
|
|
Batting: RHB Peter Turcotte
|
0-0: Foul Ball, location: 2F 0-1: SINGLE (Groundball, 34D, EV 106.9 MPH) Keith Ashton to second Runner from 2nd tries for 3rd, SAFE, throw by RF made to third
|
|
Batting: RHB Isaiah Heath
|
0-0: Foul Ball, location: 2F 0-1: Foul Ball, location: 2F 0-2: Ball 1-2: Fielders Choice at 2nd, 6-4 (Groundball, 6, EV 99.4 MPH)
|
| Top of the 1st over - 0 runs, 2 hits, 0 errors, 2 left on base; Louisiana State University 0 - Mississippi State University 0 |
| BOTTOM OF THE 1ST |
|
Mississippi State University Bulldogs batting - Pitching for Louisiana State University Tigers : RHP Luo-shan Xú
|
|
Pitching: RHP Luo-shan Xú
|
|
|
Batting: LHB Danny Shanahan
|
0-0: Ball 1-0: Foul Ball, location: 2F 1-1: Ball 2-1: Called Strike 2-2: Strikes out swinging
|
|
Batting: LHB Vinnie Kalman
|
0-0: Ball 1-0: Called Strike 1-1: Ball 2-1: Foul Ball, location: 2F 2-2: Ball 3-2: Strikes out looking
|
|
Batting: RHB Alvin Abarca
|
0-0: Ball 1-0: Called Strike 1-1: Foul Ball, location: 2F 1-2: Ball 2-2: Ball 3-2: SOLO HOME RUN (Flyball, 7D, EV 99.4 MPH), Distance : 385 ft
|
|
Batting: RHB Josh Stene
|
0-0: Ground out 5-3 (Groundball, 56, EV 107.5 MPH)
|
| Bottom of the 1st over - 1 run, 1 hit, 0 errors, 0 left on base; Louisiana State University 0 - Mississippi State University 1 |
| TOP OF THE 2ND |
|
Louisiana State University Tigers batting - Pitching for Mississippi State University Bulldogs : RHP Fernando Montoya
|
|
Batting: RHB Winston Vasquez
|
0-0: Ball 1-0: DOUBLE (Line Drive, 78D, EV 113.1 MPH)
|
|
Batting: RHB David Olivarez
|
0-0: Ground out 6-3 (Groundball, 6, EV 105.6 MPH)
|
|
Batting: LHB Oscar Rivera
|
0-0: Foul Ball, location: 2F 0-1: Swinging Strike 0-2: Strikes out swinging
|
|
Batting: RHB David Dye
|
0-0: Ball 1-0: Ball 2-0: Ball 3-0: Base on Balls
|
|
Batting: LHB Alex Morales
|
0-0: Ground out 5-3 (Groundball, 56S, EV 63.8 MPH)
|
| Top of the 2nd over - 0 runs, 1 hit, 0 errors, 2 left on base; Louisiana State University 0 - Mississippi State University 1 |
| BOTTOM OF THE 2ND |
|
Mississippi State University Bulldogs batting - Pitching for Louisiana State University Tigers : RHP Luo-shan Xú
|
|
Batting: RHB Josh Simmons
|
0-0: Foul Ball, location: 2F 0-1: SINGLE (Line Drive, 4D, EV 103.8 MPH)
|
|
Batting: LHB Ricardo Ramos
|
0-0: Ball 1-0: Foul Ball, location: 2F 1-1: Foul Ball, location: 2F 1-2: Strikes out looking
|
|
Batting: RHB Bill Petipas
|
0-0: Ball 1-0: Ball 2-0: Ball 3-0: Called Strike 3-1: Base on Balls Josh Simmons to second
|
|
Batting: RHB Alexis Gallegos
|
0-0: Called Strike 0-1: Ball 1-1: Ball 2-1: Ball 3-1: Fielders Choice at 2nd, 4-6 (Groundball, 13, EV 85.6 MPH) Josh Simmons to third
|
|
Batting: RHB Adrian Brown
|
0-0: Called Strike 0-1: Ground out 6-3 (Groundball, 6M, EV 98.8 MPH)
|
| Bottom of the 2nd over - 0 runs, 1 hit, 0 errors, 2 left on base; Louisiana State University 0 - Mississippi State University 1 |
| TOP OF THE 3RD |
|
Louisiana State University Tigers batting - Pitching for Mississippi State University Bulldogs : RHP Fernando Montoya
|
|
Batting: RHB Pete Roberts
|
0-0: Foul Ball, location: 2F 0-1: Ball 1-1: Called Strike 1-2: Strikes out swinging
|
|
Batting: RHB Keith Ashton
|
0-0: DOUBLE (Flyball, 8RD, EV 103.8 MPH)
|
|
Batting: RHB Peter Turcotte
|
0-0: Foul Ball, location: 2F 0-1: Swinging Strike 0-2: Ball 1-2: Strikes out swinging
|
|
Batting: RHB Isaiah Heath
|
0-0: Ball 1-0: Fly out, F8 (Flyball, 8LXD, EV 93.1 MPH)
|
| Top of the 3rd over - 0 runs, 1 hit, 0 errors, 1 left on base; Louisiana State University 0 - Mississippi State University 1 |
| BOTTOM OF THE 3RD |
|
Mississippi State University Bulldogs batting - Pitching for Louisiana State University Tigers : RHP Luo-shan Xú
|
|
Batting: LHB Danny Shanahan
|
0-0: Ball 1-0: Ball 2-0: Ball 3-0: Called Strike 3-1: Foul Ball, location: 2F 3-2: Strikes out swinging, 2-3 out at first.
|
|
Batting: LHB Vinnie Kalman
|
0-0: Ball 1-0: Foul Ball, location: 2F 1-1: Ball 2-1: Ball 3-1: SINGLE (Line Drive, 89S, EV 104.4 MPH)
|
|
Batting: RHB Alvin Abarca
|
0-0: Called Strike 0-1: Ball 1-1: Grounds into double play, 5-4-3 (Groundball, 5, EV 101.9 MPH)
|
| Bottom of the 3rd over - 0 runs, 1 hit, 0 errors, 0 left on base; Louisiana State University 0 - Mississippi State University 1 |
| TOP OF THE 4TH |
|
Louisiana State University Tigers batting - Pitching for Mississippi State University Bulldogs : RHP Fernando Montoya
|
|
Batting: RHB Winston Vasquez
|
0-0: Ground out 6-3 (Groundball, 6, EV 102.5 MPH)
|
|
Batting: RHB David Olivarez
|
0-0: Ball 1-0: Foul Ball, location: 2F 1-1: Foul Ball, location: 2F 1-2: Ball 2-2: Ball 3-2: Foul Ball, location: 2F 3-2: Strikes out swinging
|
|
Batting: LHB Oscar Rivera
|
0-0: Called Strike 0-1: Ball 1-1: Called Strike 1-2: SINGLE (Groundball, 6D, EV 104.4 MPH)
|
|
Batting: RHB David Dye
|
0-0: Ball 1-0: Swinging Strike 1-1: Ball 2-1: Called Strike 2-2: Ball 3-2: Strikes out looking
|
| Top of the 4th over - 0 runs, 1 hit, 0 errors, 1 left on base; Louisiana State University 0 - Mississippi State University 1 |
| BOTTOM OF THE 4TH |
|
Mississippi State University Bulldogs batting - Pitching for Louisiana State University Tigers : RHP Luo-shan Xú
|
|
Batting: RHB Josh Stene
|
0-0: Ball 1-0: Fly out, F8 (Flyball, 8RD, EV 100.6 MPH)
|
|
Batting: RHB Josh Simmons
|
0-0: Ball 1-0: Ball 2-0: Swinging Strike 2-1: Foul Ball, location: 2F 2-2: Strikes out swinging
|
|
Batting: LHB Ricardo Ramos
|
0-0: Foul Ball, location: 2F 0-1: Ground out 4-3 (Groundball, 4, EV 80.6 MPH)
|
| Bottom of the 4th over - 0 runs, 0 hits, 0 errors, 0 left on base; Louisiana State University 0 - Mississippi State University 1 |
| TOP OF THE 5TH |
|
Louisiana State University Tigers batting - Pitching for Mississippi State University Bulldogs : RHP Fernando Montoya
|
|
Batting: LHB Alex Morales
|
0-0: Ball 1-0: Foul Ball, location: 2F 1-1: Foul Ball, location: 2F 1-2: SINGLE (Groundball, 34D, EV 94.4 MPH)
|
|
Batting: RHB Pete Roberts
|
0-0: Ball 1-0: Called Strike 1-1: Foul Ball, location: 2F 1-2: Ball 2-2: Foul Ball, location: 2F 2-2: Ball 3-2: Strikes out swinging
|
|
Batting: RHB Keith Ashton
|
0-0: Fielders Choice at 2nd, 4-6 (Groundball, 13, EV 78.8 MPH)
|
|
Batting: RHB Peter Turcotte
|
0-0: Called Strike 0-1: Called Strike 0-2: Ball 1-2: Foul Ball, location: 2F 1-2: Ball 2-2: DOUBLE (Groundball, 5L, EV 98.1 MPH) Keith Ashton to third
|
|
Batting: RHB Isaiah Heath
|
0-0: Swinging Strike 0-1: Foul Ball, location: 2F 0-2: Ball 1-2: Strikes out swinging
|
| Top of the 5th over - 0 runs, 2 hits, 0 errors, 2 left on base; Louisiana State University 0 - Mississippi State University 1 |
| BOTTOM OF THE 5TH |
|
Mississippi State University Bulldogs batting - Pitching for Louisiana State University Tigers : RHP Luo-shan Xú
|
|
Batting: RHB Bill Petipas
|
0-0: Called Strike 0-1: Called Strike 0-2: Ball 1-2: Foul Ball, location: 2F 1-2: Foul Ball, location: 2F 1-2: Ball 2-2: Foul Ball, location: 2F 2-2: Ball 3-2: Ground out 6-3 (Groundball, 6, EV 100.0 MPH)
|
|
Batting: RHB Alexis Gallegos
|
0-0: Ball 1-0: Ball 2-0: Called Strike 2-1: Ball 3-1: Called Strike 3-2: Foul Ball, location: 2F 3-2: Strikes out swinging
|
|
Batting: RHB Adrian Brown
|
0-0: Called Strike 0-1: Swinging Strike 0-2: Ball 1-2: Foul Ball, location: 2F 1-2: Strikes out looking
|
| Bottom of the 5th over - 0 runs, 0 hits, 0 errors, 0 left on base; Louisiana State University 0 - Mississippi State University 1 |
| TOP OF THE 6TH |
|
Louisiana State University Tigers batting - Pitching for Mississippi State University Bulldogs : RHP Fernando Montoya
|
|
Batting: RHB Winston Vasquez
|
0-0: SINGLE (Flyball, 9LS, EV 98.8 MPH)
|
|
Batting: RHB David Olivarez
|
0-0: Ball 1-0: Grounds out, U3 (Groundball, 3L, EV 86.9 MPH)
|
|
Pinch Hitting: LHB Manny Grado
|
0-0: Called Strike 0-1: Fly out, F7 (Flyball, 7LD, EV 88.8 MPH)
|
|
Pinch Hitting: RHB Byung-hee Jee
|
0-0: Foul Ball, location: 2F 0-1: SINGLE (Groundball, 56S, EV 73.1 MPH) (infield hit) Winston Vasquez to third
|
|
Batting: LHB Alex Morales
|
0-0: Ball 1-0: Ball 2-0: Called Strike 2-1: Called Strike 2-2: Foul Ball, location: 2F 2-2: Ball 3-2: SINGLE (Flyball, 5D, EV 96.9 MPH) Winston Vasquez scores Byung-hee Jee to second Byung-hee Jee to third
|
|
Batting: RHB Pete Roberts
|
0-0: Swinging Strike 0-1: Foul Ball, location: 2F 0-2: Strikes out swinging
|
| Top of the 6th over - 1 run, 3 hits, 0 errors, 2 left on base; Louisiana State University 1 - Mississippi State University 1 |
| BOTTOM OF THE 6TH |
|
Mississippi State University Bulldogs batting - Pitching for Louisiana State University Tigers : RHP Luo-shan Xú
|
|
Pitching: RHP Brett Carothers
|
|
|
Now at SS: Steve McCoig
|
|
|
Now in LF: Jake Garza
|
|
|
Batting: LHB Danny Shanahan
|
0-0: Fly out, F7 (Flyball, 78S, EV 76.2 MPH)
|
|
Batting: LHB Vinnie Kalman
|
0-0: Ball 1-0: Foul Ball, location: 2F 1-1: Swinging Strike 1-2: Foul Ball, location: 2F 1-2: Ball 2-2: Strikes out swinging
|
|
Batting: RHB Alvin Abarca
|
0-0: Ball 1-0: Foul Ball, location: 2F 1-1: Fly out, F6 (Popup, P, EV 75.0 MPH)
|
| Bottom of the 6th over - 0 runs, 0 hits, 0 errors, 0 left on base; Louisiana State University 1 - Mississippi State University 1 |
| TOP OF THE 7TH |
|
Louisiana State University Tigers batting - Pitching for Mississippi State University Bulldogs : RHP Fernando Montoya
|
|
Batting: RHB Keith Ashton
|
0-0: Swinging Strike 0-1: SOLO HOME RUN (Flyball, 78XD, EV 108.8 MPH), Distance : 429 ft
|
|
Batting: RHB Peter Turcotte
|
0-0: Fly out, F7 (Flyball, 7LM, EV 95.6 MPH)
|
|
Batting: RHB Isaiah Heath
|
0-0: Foul Ball, location: 2F 0-1: Ball 1-1: Fly out, F8 (Line Drive, 8RM, EV 91.2 MPH)
|
|
Batting: RHB Winston Vasquez
|
0-0: Swinging Strike 0-1: Ball 1-1: Ball 2-1: Called Strike 2-2: Ball 3-2: Base on Balls
|
|
Batting: RHB David Olivarez
|
0-0: Ball Winston Vasquez steals 2nd base 1-0: Ball 2-0: Ball 3-0: Called Strike 3-1: Ground out 5-3 (Groundball, 56S, EV 83.8 MPH)
|
| Top of the 7th over - 1 run, 1 hit, 0 errors, 1 left on base; Louisiana State University 2 - Mississippi State University 1 |
| BOTTOM OF THE 7TH |
|
Mississippi State University Bulldogs batting - Pitching for Louisiana State University Tigers : RHP Brett Carothers
|
|
Batting: RHB Josh Stene
|
0-0: Ball 1-0: Called Strike 1-1: Ground out 5-3 (Groundball, 56S, EV 90.0 MPH)
|
|
Batting: RHB Josh Simmons
|
0-0: Swinging Strike 0-1: Ball 1-1: Foul Ball, location: 2F 1-2: Strikes out swinging
|
|
Batting: LHB Ricardo Ramos
|
0-0: Ball 1-0: Foul Ball, location: 2F 1-1: Ball 2-1: Foul Ball, location: 2F 2-2: Foul Ball, location: 2F 2-2: Strikes out swinging
|
| Bottom of the 7th over - 0 runs, 0 hits, 0 errors, 0 left on base; Louisiana State University 2 - Mississippi State University 1 |
| TOP OF THE 8TH |
|
Louisiana State University Tigers batting - Pitching for Mississippi State University Bulldogs : RHP Fernando Montoya
|
|
Pinch Hitting: RHB Stewart Walker
|
0-0: Ball 1-0: Foul Ball, location: 2F 1-1: Ball 2-1: Swinging Strike 2-2: Foul Ball, location: 2F 2-2: Ground out 4-3 (Groundball, 4, EV 98.1 MPH)
|
|
Batting: RHB Jake Garza
|
0-0: Called Strike 0-1: Ball 1-1: Called Strike 1-2: Foul Ball, location: 2F 1-2: Strikes out swinging
|
|
Batting: LHB Alex Morales
|
0-0: Ball 1-0: Foul Ball, location: 2F 1-1: Ball 2-1: Foul Ball, location: 2F 2-2: Ball 3-2: Base on Balls
|
|
Batting: RHB Pete Roberts
|
0-0: Called Strike Alex Morales steals 2nd base 0-1: Ball 1-1: Foul Ball, location: 2F 1-2: Strikes out swinging
|
| Top of the 8th over - 0 runs, 0 hits, 0 errors, 1 left on base; Louisiana State University 2 - Mississippi State University 1 |
| BOTTOM OF THE 8TH |
|
Mississippi State University Bulldogs batting - Pitching for Louisiana State University Tigers : RHP Brett Carothers
|
|
Pitching: RHP Jeremy Kolb
|
|
|
Now at 1B: Peter Turcotte
|
|
|
Now at SS: Leo Roldan
|
|
|
Now in RF: Elvin Ruffolo
|
|
|
Batting: RHB Bill Petipas
|
0-0: Ground out 4-3 (Groundball, 4, EV 89.4 MPH)
|
|
Batting: RHB Alexis Gallegos
|
0-0: Ball 1-0: Ground out U3 (Groundball, 3, EV 101.2 MPH)
|
|
Batting: RHB Adrian Brown
|
0-0: Fly out, F7 (Flyball, 78S, EV 91.9 MPH)
|
| Bottom of the 8th over - 0 runs, 0 hits, 0 errors, 0 left on base; Louisiana State University 2 - Mississippi State University 1 |
| TOP OF THE 9TH |
|
Louisiana State University Tigers batting - Pitching for Mississippi State University Bulldogs : RHP Fernando Montoya
|
|
Batting: RHB Keith Ashton
|
0-0: Called Strike 0-1: Called Strike 0-2: Foul Ball, location: 2F 0-2: Strikes out swinging
|
|
Batting: RHB Peter Turcotte
|
0-0: SINGLE (Groundball, 56D, EV 100.0 MPH)
|
|
Batting: SHB Brian Caruso
|
0-0: Ball 1-0: Ball 2-0: Called Strike 2-1: Swinging Strike 2-2: Foul Ball, location: 2F 2-2: Foul Ball, location: 2F 2-2: Strikes out looking
|
|
Pinch Hitting: LHB Jon Valdez
|
0-0: Fielders Choice at 2nd, 6-4 (Groundball, 4M, EV 106.9 MPH)
|
| Top of the 9th over - 0 runs, 1 hit, 0 errors, 1 left on base; Louisiana State University 2 - Mississippi State University 1 |
| BOTTOM OF THE 9TH |
|
Mississippi State University Bulldogs batting - Pitching for Louisiana State University Tigers : RHP Jeremy Kolb
|
|
Pitching: RHP D.J. Ganz
|
|
|
Now at 2B: Michael Maier
|
|
|
Pinch Hitting: RHB Benjamin Alderdice
|
0-0: Called Strike 0-1: Ball 1-1: Foul Ball, location: 2F 1-2: Strikes out swinging
|
|
Batting: LHB Vinnie Kalman
|
0-0: Called Strike 0-1: Called Strike 0-2: Ball 1-2: Ball 2-2: Foul Ball, location: 2F 2-2: Ground out 4-3 (Groundball, 4, EV 84.4 MPH)
|
|
Batting: RHB Alvin Abarca
|
0-0: Fly out, F5 (Line Drive, 56, EV 68.1 MPH)
|
| Bottom of the 9th over - 0 runs, 0 hits, 0 errors, 0 left on base; Louisiana State University 2 - Mississippi State University 1 |
|